 Dungeon Crawl Stone Soup version 0.19-a0-1047-g4b671ad (webtiles) character file.

40 Rome the Charmwright (level 3, -7/25 HPs)
             Began as a High Elf Skald on July 31, 2016.
             Mangled by a gnoll
             ... wielding a +0 club
              (10 damage)
             ... on level 3 of the Dungeon.
             The game lasted 00:13:08 (1657 turns).

Rome the Charmwright (High Elf Skald)               Turns: 1657, Time: 00:13:09

Health: -7/25      AC:  3    Str: 10 (11) XL:     3   Next: 30%
Magic:  7/7        EV: 11    Int: 14 (16) God:
Gold:   121        SH:  0    Dex: 12 (15) Spells: 1 memorised, 6 levels left

rFire  . . .     SeeInvis .     d - +0 short sword (speed)
rCold  . . .     Gourm    .     b - +0 leather armour
rNeg   . . .     Faith    .     (no shield)
rPois  .         Spirit   .     (no helmet)
rElec  .         Dismiss  .     (no cloak)
rCorr  .         Reflect  .     (no gloves)
SustAt .         Harm     .     (no boots)
MR     .....                    (no amulet)
Stlth  +.........               (no ring)
                                (no ring)

@: not resistant to hostile enchantments, very unstealthy
A: no striking features
a: no special abilities


You were on level 3 of the Dungeon.
You were not hungry.

You visited 1 branch of the dungeon, and saw 3 of its levels.

You collected 121 gold pieces.

Inventory:

Hand Weapons
 a - a +0 falchion
 d - a +0 short sword of speed (weapon)
Armour
 b - a +0 leather armour (worn)
Scrolls
 e - a scroll of noise {unknown}
 g - a scroll of random uselessness {unknown}
 i - 2 scrolls of recharging {unknown}
 j - a scroll of identify {unknown}
 k - a scroll of immolation {unknown}
Potions
 l - a potion of invisibility {unknown}
Books
 c - a book of Battle

   Spells                             Type                      Level
   a - Infusion                       Charms                       1
   b - Shroud of Golubria             Charms/Translocation         2
   c - Song of Slaying                Charms                       2
   d - Spectral Weapon                Hexes/Charms                 3
   e - Regeneration                   Charms/Necromancy            3
Comestibles
 h - 2 fruits


   Skills:
 + Level 2.4 Fighting
 + Level 2.8 Long Blades
 + Level 1.2 Armour
 + Level 1.1 Dodging
 + Level 0.5 Stealth
 + Level 2.5 Spellcasting
 + Level 4.4 Charms


You had 6 spell levels left.
You knew the following spells:

 Your Spells              Type           Power        Failure   Level  Hunger
a - Infusion              Chrm           ##..         6%          1    #......


Dungeon Overview and Level Annotations

Branches:
Dungeon (3/15)

Altars:
Hepliaklqana
Xom

Annotations:
D:3 Sigmund


Message History

You feel weakened.
You feel dopey.
You feel clumsy. The gnoll hits you with a club.
* * * LOW HITPOINT WARNING * * *
The gnoll hits you but does no damage. The gnoll closely misses you.
You closely miss the gnoll.
The gnoll is heavily wounded.
The gnoll barely misses you.
A quokka comes into view.
The quokka barely misses you.
You barely miss the quokka. The quokka barely misses you.
You closely miss the quokka. The quokka bites you.
* * * LOW HITPOINT WARNING * * *
You closely miss the quokka. The gnoll closely misses you.
You closely miss the quokka. The quokka bites you.
* * * LOW HITPOINT WARNING * * *
You closely miss the quokka. The quokka barely misses you.
Sigmund casts a spell.
Sigmund flickers and vanishes!
The gnoll hits you with a club!
You die...

..# #.# #.# #.#
#.# ### #.# # #..
#r# .###.# #@#
....# #g# #..#
#g#
###.##.>#######g#
...........gg.{.#
######.#########
#.# #.####
#...g####


You could see 3 gnolls and a quokka.

Vanquished Creatures
  A gnoll (D:1)
  2 giant geckos
  3 bats
  A giant cockroach (D:2)
  3 goblins
  3 hobgoblins (D:1)
  2 jackals (D:1)
  3 kobolds
  A quokka (D:2)
  2 giant newts
  5 rats
26 creatures vanquished.

Notes
Turn   | Place    | Note
-------+----------+-------------------------------------------
     0 | D:1      | Rome the High Elf Skald began the quest for the Orb.
     0 | D:1      | Reached XP level 1. HP: 14/14 MP: 4/4
   166 | D:1      | Reached skill level 4 in Charms
   166 | D:1      | Reached XP level 2. HP: 7/19 MP: 6/6
   168 | D:1      | Reached skill level 1 in Armour
  1028 | D:1      | You fall through a shaft!
  1050 | D:2      | Reached XP level 3. HP: 20/24 MP: 7/7
  1437 | D:2      | Found a shimmering altar of Xom.
  1518 | D:3      | Found a hazy altar of Hepliaklqana.
  1610 | D:3      | Noticed Sigmund
  1657 | D:3      | Mangled by a gnoll

Vault maps used:
D:1:      minmay_arrival_nine_rooms, minmay_splitting_lines, minmay_tromino_v4_a
D:2:      nicolae_overflow_hidden_temple, st_stairs_12,
          hangedman_decor_slide_cut
D:3:      old_standard_altar, vehumet_crystals, first_bread, uniq_sigmund

Skill      XL: |  1  2 |
---------------+-------+-----
Charms         | 4 |  4.4
Armour         | 1 |  1.2
Fighting       | |  2.4
Long Blades    | |  2.8
Dodging        | |  1.1
Stealth        | |  0.5
Spellcasting   | |  2.5

Action                   || total
-------------------------++-------
Melee: Falchion          ||    80
       Short sword       ||    35
  Use: Potion            ||     3
 Stab: Sleeping          ||     1
  Eat: Bread ration      ||     1
Armor: Leather armour    ||    23
Dodge: Dodged            ||    50
